 Dungeon Crawl Stone Soup version 0.27.1-33-g824d729ab1 (webtiles) character file.

Game seed: 10738004234814423919

103607 McKennaii the Devastator (level 15, -7/99 HPs)
             Began as a Demigod Conjurer on Dec 15, 2021.
             Killed from afar by a swamp worm (9 damage)
             ... with a harpoon shot
             ... on level 1 of the Swamp.
             The game lasted 01:03:26 (38281 turns).

McKennaii the Devastator (Demigod Conjurer)        Turns: 38281, Time: 01:03:26

Health: -7/99      AC: 22    Str: 16      XL:     15   Next: 42%
Magic:  33/39      EV:  8    Int: 32      God:
Gold:   1397       SH:  0    Dex:  7 (12) Spells: 26/43 levels left

rFire    + . .     SeeInvis .   d - staff of air
rCold    + . .     Faith    .   (no shield)
rNeg     + . .     Spirit   .   x - +1 chain mail {rF+}
rPois    .         Reflect  .   a - +1 helmet of Tiek Nio {rN+ Slay+2}
rElec    +         Harm     .   T - +0 cloak {Will+}
rCorr    .         Rampage  .   (no gloves)
Will     ++...                  P - +2 pair of boots
Stlth    ..........             y - amulet of magic regeneration
HPRegen  0.26/turn              q - ring of flight
MPRegen  0.51/turn              v - ring of protection from cold

@: flying
A: high mp 1, forlorn
a: no special abilities


You were on level 1 of the Swamp.
You visited 4 branches of the dungeon, and saw 24 of its levels.

You collected 2528 gold pieces.
You spent 1131 gold pieces at shops.

Inventory:

Hand Weapons
 O - a +1 scimitar of flaming
Armour
 a - the +1 helmet of Tiek Nio (worn) {rN+ Slay+2}
   (You found it on level 4 of the Lair of Beasts)

   Slay:      It affects your accuracy & damage with ranged weapons and melee
   (+2).
   rN:        It protects you from negative energy.
 x - a +1 chain mail of fire resistance (worn)
 z - a +2 plate armour of fire resistance
 P - a +2 pair of boots (worn)
 T - a +0 cloak of willpower (worn)
Magical Staves
 d - a staff of air (weapon)
Jewellery
 b - an amulet of the acrobat
 q - a ring of flight (left hand)
 v - a ring of protection from cold (right hand)
 y - an amulet of magic regeneration (around neck)
 A - a ring of see invisible
 E - a ring of wizardry
 S - an amulet of reflection
Wands
 h - a wand of iceblast (12)
 j - a wand of mindburst (3)
 m - a wand of flame (51)
 B - a wand of acid (14)
 G - a wand of polymorph (19)
Scrolls
 c - 5 scrolls of teleportation
 f - 4 scrolls of immolation
 i - a scroll of blinking
 l - 2 scrolls of vulnerability
 n - 2 scrolls of silence
 o - 2 scrolls of fog
 u - a scroll of holy word
 C - 2 scrolls of enchant armour
 D - 6 scrolls of amnesia
 H - 4 scrolls of enchant weapon
 I - 2 scrolls of brand weapon
 N - 5 scrolls of identify
 R - a scroll of magic mapping
Potions
 e - 5 potions of brilliance
 g - 3 potions of resistance
 k - 16 potions of curing
 p - 4 potions of magic
 r - 4 potions of haste
 s - 2 potions of lignification
 t - 2 potions of flight
 w - 2 potions of might
 J - a potion of invisibility
 K - 4 potions of berserk rage
 L - 2 potions of cancellation
 Q - a potion of attraction


   Skills:
 - Level 15.0 Armour
 - Level 4.0 Dodging
 - Level 1.7 Stealth
 + Level 14.9 Spellcasting
 + Level 15.5 Conjurations
 - Level 2.0 Earth Magic


You had 26 spell levels left.
You knew the following spells:

 Your Spells              Type           Power      Damage    Failure   Level
a - Magic Dart            Conj           100%       1d8       1%          1
b - Searing Ray           Conj           100%       3d7       1%          2
c - Iskenderun's Mystic   Conj/Tloc      65%        2d13      5%          4
d - Stone Arrow           Conj/Erth      100%       3d13      1%          3
e - Orb of Destruction    Conj           44%        9d14      21%         7

Your spell library contained the following spells:

 Spells                   Type           Power      Damage    Failure   Level
 Dazzling Flash           Conj/Hex       100%       N/A       1%          3
 Fulminant Prism          Conj/Hex       32%        3d16      5%          4
 Animate Skeleton         Necr           46%        N/A       14%         1
 Apportation              Tloc           46%        N/A       14%         1
 Beastly Appendage        Tmut           46%        N/A       14%         1
 Corona                   Hex            25%        N/A       14%         1
 Summon Small Mammal      Summ           92%        N/A       14%         1
 Irradiate                Conj/Tmut      32%        3d24      16%         5
 Slow                     Hex            23%        N/A       22%         2
 Sublimation of Blood     Necr           11%        N/A       22%         2
 Wereblood                Tmut           23%        N/A       22%         2
 Bolt of Magma            Conj/Fire/Erth 28%        4d13      34%         5
 Confusing Touch          Hex            23%        N/A       38%         3
 Inner Flame              Hex/Fire       23%        N/A       38%         3
 Spider Form              Tmut/Pois      11%        N/A       38%         3
 Vampiric Draining        Necr           11%        2d7       38%         3
 Leda's Liquefaction      Hex/Erth       15%        N/A       67%         4
 Petrify                  Tmut/Erth      30%        N/A       67%         4
 Cause Fear               Hex            11%        N/A       80%         4
 Statue Form              Tmut/Erth      20%        N/A       100%        6
 Discord                  Hex            11%        N/A       100%        8


Dungeon Overview and Level Annotations

Branches:
Dungeon (15/15)            Temple (0/1) D:4            Lair (6/6) D:9
  Swamp (1/4) Lair:3       Spider (0/4) Lair:4        Slime (0/5) Lair:6
    Orc (2/2) D:12            Elf (0/3) Orc:2        Vaults (0/5) D:13
 Depths (0/5) D:15

Shops:
D:5 =   D:10 *   D:11 [   Orc:2 (*=!

Annotations:
Swamp:1 1 transporter


Innate Abilities, Weirdness & Mutations

Your attributes grow dramatically as you level up.
You have an increased reservoir of magic. (+10% MP)
You shall have no god before yourself.


Message History

Casting: Iskenderun's Mystic Blast (dangerous; 5% risk of failure)
Confirm with . or Enter, or press ? or * to list all spells.
You erupt in a blast of force!
The mystic blast hits the briar patch!
You destroy the briar patch!
The mystic blast hits the swamp worm but does no damage.
The swamp worm is lightly wounded.
The mystic blast hits the briar patch!!
You destroy the briar patch!
The mystic blast hits the swamp worm!
The swamp worm is almost dead.
The swamp worm is knocked back by the mystic blast.
The swamp worm slams into the stone wall!
You kill the swamp worm!
The swamp worm bites you!
* * * LOW HITPOINT WARNING * * *
The swamp worm fires a harpoon shot at you.
The harpoon shot hits you!
* * * LOW HITPOINT WARNING * * *
You are yanked forward by the harpoon shot.
You collide with the briar patch!
You enter the Zot trap.
The power of Zot is invoked against you!
You feel clumsy.
Unknown command.
The swamp worm fires a harpoon shot at you.
The harpoon shot hits you!
* * * LOW HITPOINT WARNING * * *
You are yanked forward by the harpoon shot.
The swamp worm fires a harpoon shot at you.
The harpoon shot misses you. The swamp worm barely misses you.
Unknown command.
Unknown command.
Unknown command.
Unknown command.
Unknown command.
Okay, then.
As you read the scroll of fog, it crumbles to dust.
The scroll dissolves into smoke.
The swamp worm fires a harpoon shot at you.
The harpoon shot hits you!
You die...

≈...≈≈≈≈♣♣♣.#[©"#.≈.≈≈≈..(≈
≈...≈≈≈.♣...#[/[#...≈≈?....
≈≈≈.≈≈§.♣.####+####....≈§≈.
≈≈≈≈≈≈≈...##§P^P≈w#.≈...§≈≈
≈≈≈≈≈...≈.#w§P^P§##.♣.≈≈
.....♣♣...###☼^P§w# ♣.≈≈
≈≈≈.♣♣♣≈≈.#♣≈P§§###...≈≈
≈≈≈.♣ ♣♣♣.##§P§§§w#.....
≈≈≈.♣♣♣♣♣.#w≈P^§@##.≈≈≈.
≈≈≈.≈♣≈...##≈.^§§§#.≈...
≈≈≈.≈.....###P©.###.≈≈..
≈≈≈.≈≈.≈.≈..#####..≈≈≈..
≈≈≈...>...≈...©...≈≈≈.≈.
≈≈♣.§..♣♣♣≈...≈♣♣......≈
≈♣♣.♣♣♣♣ ♣...$...♣...≈ .
♣♣♣♣♣ ♣..###....≈.≈♣ ♣
....# ..##)..♣♣


You could see 3 swamp worms.

Vanquished Creatures
  Rupert (D:12)
  Kirke (D:13)
  An orc warlord (D:12)
  An eleionoma (Swamp:1)
  A fire dragon (D:15)
  4 boulder beetles
  Harold (Orc:1)
  2 ogre magi
  Fannar (D:11)
  13 hydras
  A catoblepas (Lair:6)
  4 centaur warriors
  2 death knights
  5 orc high priests
  4 tengu warriors
  10 two-headed ogres
  13 death yaks
  An alligator (Swamp:1)
  A spriggan druid (Swamp:1)
  4 deep elf pyromancers
  A wizard (D:11)
  8 orc knights
  A phantasmal warrior (D:13)
  12 ugly things
  2 manticores
  2 cyclopes
  3 orc sorcerers (Orc:1)
  A will-o-the-wisp (Swamp:1)
  6 black mambas
  Maurice (Orc:1)
  A guardian serpent (shapeshifter) (D:14)
  2 elephants (Lair:6)
  14 cane toads
  2 unseen horrors (D:13)
  A gargoyle (D:12)
  Maggie (D:8)
  Psyche (D:8)
  A kobold demonologist (D:14)
  A rime drake (Lair:6)
  6 komodo dragons
  An efreet (D:14)
  2 freezing wraiths
  4 tengu conjurers
  A queen bee (shapeshifter) (D:13)
  4 polar bears
  7 trolls
  3 tyrant leeches (Lair:3)
  2 hornets
  13 blink frogs
  A meliai zombie (D:10)
  2 centaur simulacra
  Sigmund (D:2)
  A shadow (D:12)
  7 wraiths
  A wyvern (Lair:4)
  31 yaks
  A vampire (D:12)
  A water elemental (D:11)
  5 hogs (D:13)
  2 humans (D:10)
  4 basilisks
  A steam dragon (D:8)
  7 vampire mosquitoes
  3 swamp worms
  3 wargs (D:12)
  8 water moccasins
  3 black bears
  4 ice beasts
  A sky beast (D:7)
  37 orc warriors
  8 ogres
  2 necrophages
  18 centaurs
  10 wolves
  A phantom (D:4)
  5 kobold brigands
  12 bullfrogs
  4 gnoll sergeants
  7 scorpions
  3 water moccasin skeletons (D:5)
  3 killer bees (D:9)
  3 wights (D:9)
  A howler monkey (D:8)
  An electric eel (Lair:3)
  7 centaur zombies
  A bullfrog zombie (D:5)
  2 bullfrog skeletons
  A gnoll shaman (D:5)
  38 orc priests
  Ijyb (D:3)
  A centaur skeleton (D:6)
  6 hounds
  2 iguanas
  Natasha (thrice) (D:2)
  Terence (D:3)
  A scorpion zombie (D:5)
  11 orc wizards
  2 killer bee zombies
  A hound skeleton (D:4)
  A howler monkey zombie (D:8)
  A howler monkey skeleton (D:4)
  27 gnolls
  9 adders
  2 white imps
  3 ufetubi
  An adder skeleton (D:4)
  3 worms
  2 dart slugs
  72 orcs
  3 ball pythons (D:1)
  3 endoplasms
  6 giant cockroaches
  7 hobgoblins
  3 jackals (D:4)
  58 kobolds
  2 quokkas
  4 bats
  5 frilled lizards
  6 goblins
  2 rats (D:2)
  3 briar patches (Swamp:1)
678 creatures vanquished.

Vanquished Creatures (collateral kills)
  4 death yaks (Lair:6)
4 creatures vanquished.

Vanquished Creatures (others)
  A deep troll shaman (Lair:6)
  2 briar patches (Swamp:1)
  A bush (D:9)
  6 foxfires (Swamp:1)
  29 fungi
  32 plants
71 creatures vanquished.

Grand Total: 753 creatures vanquished

Notes
Turn   | Place    | Note
-------+----------+-------------------------------------------
     0 | D:1      | McKennaii the Demigod Conjurer began the quest for the Orb.
     0 | D:1      | Reached XP level 1. HP: 14/14 MP: 5/5
   191 | D:1      | Reached XP level 2. HP: 20/20 MP: 5/8
   226 | D:1      | Learned a level 2 spell: Searing Ray
   791 | D:2      | Reached XP level 3. HP: 26/26 MP: 7/10
  1009 | D:2      | Noticed Sigmund
  1022 | D:2      | Killed Sigmund
  1023 | D:2      | Reached XP level 4. HP: 27/33 MP: 2/14
  1023 | D:2      | Reached XP level 5. HP: 31/38 MP: 2/15
  1028 | D:2      | Learned a level 4 spell: Iskenderun's Mystic Blast
  1132 | D:2      | Reached skill level 5 in Spellcasting
  1395 | D:2      | Noticed Natasha
  1402 | D:2      | Killed Natasha
  1611 | D:2      | Noticed Natasha
  1616 | D:2      | Killed Natasha
  1624 | D:2      | Noticed Natasha
  1628 | D:2      | Killed Natasha
  1760 | D:3      | Noticed Ijyb
  1765 | D:3      | Killed Ijyb
  1766 | D:3      | Reached XP level 6. HP: 45/45 MP: 9/17
  1865 | D:3      | Noticed Terence
  1874 | D:3      | Killed Terence
  3200 | D:4      | Found a staircase to the Ecumenical Temple.
  3348 | D:4      | Reached skill level 5 in Conjurations
  3348 | D:4      | Reached XP level 7. HP: 44/50 MP: 12/19
  4908 | D:5      | Entered Level 5 of the Dungeon
  5486 | D:5      | Reached XP level 8. HP: 57/57 MP: 14/20
  6448 | D:5      | Found Biuku's Jewellery Boutique.
  7437 | D:6      | Reached skill level 10 in Conjurations
  7437 | D:6      | Reached XP level 9. HP: 46/62 MP: 8/22
  8114 | D:7      | HP: 2/62 [orc warrior (5)]
  9807 | D:8      | Noticed a manticore
  9812 | D:8      | Killed a manticore
 10217 | D:8      | Noticed Maggie
 10225 | D:8      | Killed Maggie
 10226 | D:8      | Reached XP level 10. HP: 35/69 MP: 20/28
 10519 | D:8      | Noticed Psyche
 10526 | D:8      | Killed Psyche
 10611 | D:8      | Noticed a two-headed ogre
 10618 | D:8      | Killed a two-headed ogre
 10619 | D:8      | Reached skill level 10 in Spellcasting
 10660 | D:8      | Noticed a five-headed hydra
 10668 | D:8      | Killed a five-headed hydra
 11087 | D:9      | Reached skill level 5 in Armour
 11359 | D:9      | Noticed a death yak
 11440 | D:9      | Killed a death yak
 11626 | D:9      | Noticed a death yak
 11641 | D:9      | Killed a death yak
 11708 | D:9      | Noticed a death yak
 11708 | D:9      | Noticed a death yak
 11708 | D:9      | Noticed a death yak
 11722 | D:9      | Noticed a death yak
 11726 | D:9      | Killed a death yak
 11733 | D:9      | Noticed a death yak
 11869 | D:8      | Killed a death yak
 11870 | D:8      | Reached skill level 10 in Armour
 11870 | D:8      | Reached XP level 11. HP: 69/74 MP: 4/29
 12212 | D:9      | Found a staircase to the Lair.
 12239 | D:9      | Killed a death yak
 12386 | D:9      | Killed a death yak
 12389 | D:9      | Killed a death yak
 12657 | D:10     | Entered Level 10 of the Dungeon
 12826 | D:10     | Noticed a two-headed ogre
 12834 | D:10     | Killed a two-headed ogre
 13449 | D:10     | Found Muho's General Store.
 13455 | D:10     | Bought a scroll of identify for 30 gold pieces
 13742 | Lair:1   | Entered Level 1 of the Lair of Beasts
 13756 | Lair:1   | Noticed a five-headed hydra
 13766 | Lair:1   | Killed a five-headed hydra
 14988 | Lair:2   | Paralysed by a hornet for 1 turns
 15395 | Lair:2   | Reached XP level 12. HP: 75/81 MP: 14/31
 17083 | Lair:3   | Noticed an eight-headed hydra
 17090 | Lair:3   | Killed an eight-headed hydra
 17095 | Lair:3   | Noticed an eight-headed hydra
 17141 | Lair:3   | Killed an eight-headed hydra
 17418 | Lair:3   | Found a staircase to the Swamp.
 18458 | Lair:4   | Found a hole to the Spider Nest.
 18460 | Lair:4   | Identified the +1 helmet of Tiek Nio {rN+ Slay+2}
 19812 | Lair:5   | Noticed an eight-headed hydra
 19822 | Lair:5   | Killed an eight-headed hydra
 20337 | Lair:5   | Noticed an eight-headed hydra
 20349 | Lair:5   | Killed an eight-headed hydra
 20445 | Lair:5   | Found a transporter.
 20447 | Lair:5   | Found a transporter.
 20447 | Lair:5   | Noticed a boulder beetle
 20771 | Lair:6   | Entered Level 6 of the Lair of Beasts
 20776 | Lair:6   | Found a staircase to the Slime Pits.
 20791 | Lair:6   | Reached XP level 13. HP: 43/86 MP: 14/34
 21047 | Lair:6   | Identified the +0 robe of Duty {*Corrode rF+ rC+ Dex+2}
 23842 | D:11     | Noticed Fannar
 23852 | D:11     | Killed Fannar
 23907 | D:11     | Found Toll's Armour Emporium.
 23915 | D:11     | Bought a +2 pair of boots for 231 gold pieces
 25206 | D:12     | Noticed Rupert
 25222 | D:12     | Paralysed by Rupert for 3 turns
 25230 | D:12     | Killed Rupert
 25742 | D:12     | Reached XP level 14. HP: 75/93 MP: 28/36
 26209 | D:12     | Found a staircase to the Orcish Mines.
 26900 | D:13     | Noticed Kirke
 26912 | D:13     | Noticed a sphinx
 26967 | D:13     | Killed Kirke
 27921 | D:13     | Found a gate to the Vaults.
 28728 | D:13     | Got the Catalogue of Attacks
 28733 | D:13     | Learned a level 3 spell: Stone Arrow
 28741 | D:13     | Learned a level 7 spell: Orb of Destruction
 29469 | D:13     | Reached skill level 1 in Earth Magic
 29809 | D:14     | You are sucked into a shaft and drop 1 floor!
 29809 | D:15     | Entered Level 15 of the Dungeon
 29827 | D:15     | Reached skill level 15 in Armour
 30652 | D:15     | Found a staircase to the Depths.
 31502 | D:14     | HP: 2/93 [centaur/arrow[a centaur warrior] (5)]
 32457 | D:14     | Reached XP level 15. HP: 98/99 MP: 22/38
 32772 | Orc:1    | Entered Level 1 of the Orcish Mines
 32847 | Orc:1    | Noticed Harold
 32853 | Orc:1    | Killed Harold
 32857 | Orc:1    | Paralysed by an orc sorcerer for 7 turns
 33181 | D:12     | Reached skill level 15 in Conjurations
 33556 | Orc:2    | Entered Level 2 of the Orcish Mines
 34535 | Orc:1    | Noticed Maurice
 34546 | Orc:1    | Killed Maurice
 34895 | Orc:2    | Found a staircase to the Elven Halls.
 36990 | Orc:2    | Found Subafua's Weapon Emporium.
 36990 | Orc:2    | Found Ossot's Assorted Antiques.
 36991 | Orc:2    | Found Ocuejifa's Jewellery Shoppe.
 36991 | Orc:2    | Found Wotid's Distillery.
 37001 | Orc:2    | Bought a potion of haste for 150 gold pieces
 37001 | Orc:2    | Bought a potion of curing for 45 gold pieces
 37001 | Orc:2    | Bought 2 potions of heal wounds for 150 gold pieces
 37001 | Orc:2    | Bought a potion of magic for 120 gold pieces
 37001 | Orc:2    | Bought a potion of curing for 45 gold pieces
 37005 | Orc:2    | Bought a potion of brilliance for 60 gold pieces
 37005 | Orc:2    | Bought a potion of resistance for 150 gold pieces
 37005 | Orc:2    | Bought a potion of resistance for 150 gold pieces
 37336 | Swamp:1  | Entered Level 1 of the Swamp
 37491 | Swamp:1  | Found a transporter.
 38111 | Swamp:1  | Found a transporter.
 38280 | Swamp:1  | HP: 1/99 [swamp worm/harpoon shot (9)]
 38281 | Swamp:1  | Killed from afar by a swamp worm

Illustrated notes

Levels and vault maps discovered:
D:1:      shiori_arrival_maze, layout_rooms, shapermc_ecumenical_altar_venn
D:2:      wander_river, layout_rooms, corexii_item_surrounded_by_moat,
          chequers_serial_rivers_room_a, hangedman_abyss_or_decor_lesser_grid,
          uniq_sigmund, uniq_natasha
D:3:      layout_basic, item_on_display_a, uniq_ijyb, uniq_terence
D:4:      minmay_goblin_kobold_castle, layout_basic,
          mainiacjoe_overflow_six_doors_small, minmay_temple_entry_proselytizer
D:5:      layout_gridville, minmay_misc_feat_diagonals,
          minmay_shop_enchanted_jewellery, serial_bayou_pond_c
D:6:      layout_basic
D:7:      layout_cave_pods
D:8:      layout_basic, minmay_manual_monstrance, uniq_psyche, uniq_maggie
D:9:      layout_rooms, nicolae_overflow_hidden_temple, dpeg_lair_monsters,
          minmay_hedge_maze, mrwooster_statue_mirror
D:10:     layout_irregular_city, okawaru_humans, serial_shops, shop
D:11:     layout_layer_cave, serial_shops, nicolae_shop_crystal, minivault_14,
          uniq_fannar
D:12:     layout_stronghold, david_orc_1_choice, uniq_rupert
D:13:     layout_loops_ring, david_vaults_2, bh_walls_and_bars, uniq_kirke
D:14:     layout_basic, corexii_hall_statues_x, kennysheep_nub
D:15:     grunt_enter_depths_hoard, layout_irregular_city, minmay_misc_feat_rows
Lair:1:   layout_loops_ring, serial_bayou, serial_bayou_pond_d,
          serial_bayou_shore_a, serial_bayou_pond_e, serial_bayou_shore_b
Lair:2:   layout_roguey, lemuel_fruit_fields
Lair:3:   layout_cellular_growth, palyth_hydra_swamp_entry,
          amcnicky_mini_pool_medium
Lair:4:   layout_loops_ring, nicolae_spider_entry_non_spiders
Lair:5:   gammafunk_boulding_lane, layout_regular_city
Lair:6:   grunt_lair_end_beastmaster, layout_layer_cave, slime_altar_1
Swamp:1:  gammafunk_worm_tunnel, layout_basic_swamp,
          evilmike_swamp_ruin_house_4, swamp_pool1
Orc:1:    layout_diamond_mine, uniq_harold, uniq_maurice
Orc:2:    st_orc_pillars, layout_diamond_mine

Skill      XL: |  1  2  3  4  5  6  7  8  9 10 11 12 13 14 15 |
---------------+----------------------------------------------+-----
Spellcasting   | 2 3 4 5 6 9 10 12 13 14 | 14.9
Conjurations   | 4 5 7 10 12 13 14 15 | 15.5
Dodging        | 4 |  4.0
Armour         | 10 13 14 15 | 15.0
Earth Magic    | 2 |  2.0
Stealth        | |  1.7

Action                   |  1- 3 |  4- 6 |  7- 9 | 10-12 | 13-15 || total
-------------------------+-------+-------+-------+-------+-------++-------
Melee: Staff             |       |       |       |     4 |    20 ||    24
 Cast: Magic Dart        |    53 |   111 |   255 |   197 |   106 ||   722
       Searing Ray       |     3 |    10 |    71 |   121 |   139 ||   344
       Iskenderun's Myst |       |       |     3 |    97 |   202 ||   302
       Stone Arrow       |       |       |       |       |   393 ||   393
Evoke: Wand              |       |       |     5 |     2 |     9 ||    16
  Use: Potion            |       |       |     3 |     1 |     5 ||     9
       Scroll            |       |       |       |    24 |     6 ||    30
Armor: Robe              |       |     6 |     9 |     1 |       ||    16
       Troll leather arm |       |       |       |    65 |    44 ||   109
       Chain mail        |       |       |       |       |   255 ||   255
Dodge: Dodged            |     1 |    21 |    72 |   148 |   170 ||   412
